 Dungeon Sprint DCSS version 0.30-a0-341-g682706514a (webtiles) character file.

Game seed: 5959714125059786590

29 Hubris850 the Changer (level 3, -4/39 HPs)
             Began as a Merfolk Transmuter on Nov 2, 2022.
             Was a Believer of Sif Muna.
             Slain by a warg (7 damage)
             ... in the Dungeon (Sprint VII: "The Pits").
             The game lasted 00:01:54 (212 turns).

Hubris850 the Changer (Merfolk Transmuter)           Turns: 212, Time: 00:01:54

Health: -4/39      AC:  2    Str: 12    XL:     3   Next: 16%
Magic:  5/7        EV: 12    Int: 12    God:    Sif Muna [**....]
Gold:   0          SH:  0    Dex: 14    Spells: 5/8 levels left

rFire   . . .      SeeInvis .    i - +2 quarterstaff
rCold   . . .      Faith    .    (shield currently unavailable)
rNeg    . . .      Spirit   .    a - +0 robe
rPois   .          Reflect  .    (helmet currently unavailable)
rElec   .          Harm     .    (no cloak)
rCorr   .          Rampage  .    (no gloves)
Will    .....      NoTele   +    (boots currently unavailable)
Stlth   ..........               (no amulet)
HPRegen 0.26/turn                (no ring)
MPRegen 0.10/turn                (no ring)

@: berserking, appendages (expiring), wereblooded, very quick
A: horns 2, (nimble swimmer 2), mertail
a: End Transformation, Renounce Religion, Channel Magic


You were in the Dungeon.
You worshipped Sif Muna.
Sif Muna was pleased with you.
You had temporarily grown beastly horns.
You visited 1 branch

Inventory:

Hand Weapons
 i - a +2 quarterstaff (weapon)
Armour
 a - a +0 robe (worn)
 m - a +3 scale mail
Scrolls
 h - a scroll of blinking
 k - 5 scrolls of amnesia
 l - a scroll of summoning
Potions
 b - a potion of lignification
 c - 6 potions of curing
 d - 6 potions of heal wounds
 e - a potion of haste
 f - 4 potions of magic
 g - 2 potions of berserk rage
 j - 2 potions of invisibility


   Skills:
 - Level 1.1 Fighting
 + Level 1.9 Staves
 - Level 2.6 Dodging
 - Level 3.2 Unarmed Combat
 + Level 3.3 Spellcasting
 + Level 4.2 Transmutations
 * Level 3.7 Ice Magic


You had 5 spell levels left.
You knew the following spells:

 Your Spells              Type           Power      Damage    Failure   Level
a - Beastly Appendage     Tmut           24%        N/A       4%          1
b - Wereblood             Tmut           12%        N/A       6%          2

Your spell library contained the following spells:

 Spells                   Type           Power      Damage    Failure   Level
 Spider Form              Tmut/Pois      7%         N/A       30%         3
 Ice Form                 Ice/Tmut       11%        N/A       41%         4


Dungeon Overview and Level Annotations

Branches:
Dungeon (1/1)

Altars:
Ashenzari
Cheibriados
Dithmenos
Elyvilon
Fedhas
Gozag
Hepliaklqana
Kikubaaqudgha
Makhleb
Nemelex Xobeh
Okawaru
Qazlal
Ru
Sif Muna
Trog
Uskayaw
Vehumet
Wu Jian
Xom
Yredelemnul
Zin
The Shining One
Jiyva
Lugonu


Innate Abilities, Weirdness & Mutations

You have temporarily grown beastly horns.
((You are very nimble when in or above water. (Stealth+, EV+, Speed+++)))
Your lower body shifts to a powerful aquatic tail in water.


Message History

A warg and a jackal come into view.
Your transformation is almost over.
The jackal barks!
You hear a bark! x2
A jackal comes into view. x2
The jackal moves out of view.
You hear a shout!
A jackal comes into view.
The jackal moves out of view.
A red film seems to cover your vision as you go berserk!
You feel yourself moving faster!
You feel mighty!
You hit the warg.
The warg is lightly wounded.
An orc comes into view.
It is wielding a +0 whip and wearing a +2 leather armour of cold resistance.
The warg bites you!
You barely miss the warg. You headbutt the warg.
The warg is lightly wounded.
The warg barely misses you.
An orc wizard comes into view. It is wielding a +0 dagger.
You closely miss the warg. Your headbutt misses the warg.
The warg is lightly wounded.
The warg bites you but does no damage.
You closely miss the warg.
The warg is lightly wounded.
The warg bites you!
You sock the warg!
The warg is moderately wounded.
The orc wizard gestures wildly while chanting.
The orc wizard flickers and vanishes!
Deactivating autopickup; reactivate with Ctrl-A.
The warg bites you.
You hear a shout!
You closely miss the warg. Your headbutt misses the warg.
The warg is moderately wounded.
You hear a shout!
The warg bites you!
* * * LOW HITPOINT WARNING * * *
You hit the warg.
The warg is heavily wounded.
The warg bites you!
You die...

##########.##.....
#...........'.....
#'#####)#####.....
#.#..#...'.##.....
#.#..#...#.#####'#
#.#..#####.##.....
#.#..'...#.##.....
#.#..'...†.##.....
#@#..########...<.
#h#))'.))).##.....
#h#..#.)))[##.....
#'###########.....


#ho ###### #... #...# #..## #... You could see a warg, an orc and 2 jackals.

Vanquished Creatures
  A gnoll (D)
  A river rat (D)
  An adder skeleton (D)
  2 giant cockroaches (D)
  A goblin (D)
  A ball python (D)
  A kobold (D)
  A rat (D)
9 creatures vanquished.

Notes
Turn   | Place    | Note
-------+----------+-------------------------------------------
     0 | D        | Hubris850 the Merfolk Transmuter began the quest for the
                  | Orb.
     0 | D        | Reached XP level 1. HP: 15/15 MP: 3/3
    19 | D        | Reached skill level 3 in Transmutations
    19 | D        | Reached skill level 1 in Ice Magic
    65 | D        | Found a glowing golden altar of the Shining One.
    65 | D        | Found a glowing silver altar of Zin.
    65 | D        | Found a basalt altar of Yredelemnul.
    65 | D        | Found a shimmering altar of Xom.
    65 | D        | Found an ornate altar of the Wu Jian Council.
    65 | D        | Found a bloodstained altar of Trog.
    65 | D        | Found a shimmering blue altar of Sif Muna.
    65 | D        | Found a sacrificial altar of Ru.
    65 | D        | Found a stormy altar of Qazlal.
    65 | D        | Found an iron altar of Okawaru.
    65 | D        | Found a sparkling altar of Nemelex Xobeh.
    65 | D        | Found a burning altar of Makhleb.
    65 | D        | Found a viscous altar of Jiyva.
    65 | D        | Found a hazy altar of Hepliaklqana.
    65 | D        | Found an opulent altar of Gozag.
    65 | D        | Found a blossoming altar of Fedhas.
    65 | D        | Found a white marble altar of Elyvilon.
    65 | D        | Found a shadowy altar of Dithmenos.
    65 | D        | Found a snail-covered altar of Cheibriados.
    66 | D        | Found a radiant altar of Vehumet.
    66 | D        | Found a corrupted altar of Lugonu.
    67 | D        | Found an ancient bone altar of Kikubaaqudgha.
    67 | D        | Found a hide-covered altar of Uskayaw.
    67 | D        | Found a broken altar of Ashenzari.
    68 | D        | Became a worshipper of Sif Muna the Loreminder
    99 | D        | Reached * piety under Sif Muna
   100 | D        | Reached XP level 2. HP: 17/21 MP: 6/6
   102 | D        | Reached skill level 1 in Staves
   102 | D        | Reached skill level 4 in Transmutations
   105 | D        | Learned a level 2 spell: Wereblood
   137 | D        | Reached ** piety under Sif Muna
   148 | D        | Reached XP level 3. HP: 19/26 MP: 3/7
   202 | D        | Noticed a warg
   212 | D        | Slain by a warg

Illustrated notes

Levels and vault maps discovered:
D:        pitsprint [storerooms_1, entrance_room_1, metal_vault_1, armoury_1,
          mini_pit_1, grid_room_1, main_hall_1, silver_pit, the_coven_1,
          the_vestibule_1, steel_vault_1, golden_pit, hallway_of_sentries,
          crystal_vault_1, iron_vault_2, final_vault]

Skill      XL: |  1  2 |
---------------+-------+-----
Transmutations | 3 4 |  4.2
Ice Magic      | 3 |  3.7
Spellcasting   | 3 |  3.3
Staves         | 1 |  1.9
Fighting       | |  1.1
Dodging        | |  2.6
Unarmed Combat | |  3.2

Action                   || total
-------------------------++-------
Melee: Unarmed           ||     9
       Quarterstaff      ||    24
       Headbutt          ||     2
 Cast: Beastly Appendage ||     2
       Wereblood         ||     2
  Use: Potion            ||     1
Armor: Robe              ||     5
Dodge: Dodged            ||    12

Table legend: (Time is in decaauts)
 A = Elapsed time spent in this place.
 B = Non-inter-level travel time spent in this place.
 C = Inter-level travel time spent in this place.
 D = Time resting spent in this place.
 E = Time spent auto-exploring this place.
 F = Levels seen in this place.
 G = Mean time per level.
                   A        B        C        D        E       F      G
               +--------+--------+--------+--------+--------+-----+--------+
         Total |    214 |    214 |      0 |     34 |      0 |   1 |  214.0 |
       Dungeon |    214 |    214 |      0 |     34 |      0 |   1 |  214.0 |
               +--------+--------+--------+--------+--------+-----+--------+

Top non-repeatable levels by time:
       D: 214 daAuts
